 Dungeon Crawl Stone Soup version 0.23.0-3-gf3c87f2 (webtiles) character file.

Game seed: 13979991455737289907

56356 Faca the Nimble (level 14, -11/111 HPs)
             Began as a Gnoll Gladiator on Feb 20, 2019.
             Was the Champion of Makhleb.
             Mangled by a sun demon (19 damage)
             ... on level 6 of the Lair of Beasts.
             The game lasted 00:53:19 (19561 turns).

Faca the Nimble (Gnoll Gladiator)                  Turns: 19561, Time: 00:53:20

Health: -11/111    AC: 15    Str: 20    XL:     14   Next: 81%
Magic:  27/27      EV: 22    Int: 12    God:    Makhleb [******]
Gold:   1052       SH:  7    Dex: 21    Spells: 31/31 levels left

rFire    . . .     SeeInvis .   o - +7 scimitar "Taompau" {elec, MR+}
rCold    . . .     Gourm    .   D - +0 buckler
rNeg     . . .     Faith    .   v - +2 leather armour {rPois}
rPois    +         Spirit   .   L - +1 helmet
rElec    +         Reflect  .   i - +1 cloak
rCorr    .         Harm     .   N - +0 pair of gloves of Qoqos {rElec} (curse)
MR       ++...                  M - +0 pair of boots
Stlth    ++++......             u - amulet of the acrobat
HPRegen  0.28/turn              l - +2 ring of protection
MPRegen  0.20/turn              F - +4 ring of dexterity

@: no status effects
A: distributed training, fangs 1, strong nose
a: Minor Destruction, Lesser Servant of Makhleb, Major Destruction, Greater
Servant of Makhleb, Renounce Religion


You were on level 6 of the Lair of Beasts.
You worshipped Makhleb.
Makhleb was exalted by your worship.
You were not hungry.

You visited 3 branches of the dungeon, and saw 19 of its levels.

You collected 1145 gold pieces.
You spent 93 gold pieces at shops.

Inventory:

Hand Weapons
 o - the +7 scimitar "Taompau" (weapon) {elec, MR+}
   (You found it on level 4 of the Lair of Beasts)

   Occasionally, upon striking a foe, it will discharge some electrical energy
   and cause terrible harm.
   It affects your resistance to hostile enchantments.
 J - a +3 scimitar of flaming
Missiles
 d - 8 throwing nets (quivered)
 r - 3 tomahawks of returning
 w - 11 javelins
Armour
 i - a +1 cloak (worn)
 v - a +2 leather armour of poison resistance (worn)
 D - a +0 buckler (worn)
 I - a +2 plate armour of cold resistance
 L - a +1 helmet (worn)
 M - a +0 pair of boots (worn)
 N - the cursed +0 pair of gloves of Qoqos (worn) {rElec}
   (You found it on level 11 of the Dungeon)

   It insulates you from electricity.
   It has a curse placed upon it.
 P - a +3 chain mail of fire resistance
 S - the +11 chain mail "Wavos" {Regen+ Str+3 Slay-5, unknown}
   (You found it on level 4 of the Lair of Beasts)

   It affects your strength (+3).
   It affects your accuracy and damage with ranged weapons and melee attacks
   (-5).
   It increases your rate of regeneration.
Jewellery
 a - an uncursed ring of ice
 l - a +2 ring of protection (left hand)
 u - an amulet of the acrobat (around neck)
 E - a +2 amulet of reflection
 F - a +4 ring of dexterity (right hand)
Wands
 j - a wand of clouds (7)
 y - a wand of flame (8)
 A - a wand of iceblast (15)
 G - a wand of acid (28)
 Q - a wand of polymorph (7)
 T - a wand of disintegration (13)
 W - a wand of digging (6)
Scrolls
 b - 5 scrolls of enchant weapon
 c - a scroll of holy word
 p - 2 scrolls of brand weapon
 x - 6 scrolls of teleportation
 B - 10 scrolls of remove curse
 K - 4 scrolls of fog
 O - 2 scrolls of enchant armour
 R - a scroll of blinking {unknown}
Potions
 e - 3 potions of flight
 g - a potion of cancellation
 h - a potion of invisibility
 k - 2 potions of ambrosia
 m - 2 potions of magic
 n - 4 potions of might
 q - 3 potions of lignification
 s - 12 potions of curing
 t - a potion of brilliance
 z - 2 potions of agility
 C - 2 potions of mutation
 H - 2 potions of haste
 V - a potion of berserk rage
Comestibles
 f - 34 rations
 U - 3 chunks of flesh


   Skills:
 + Level 10.4 Fighting
 + Level 9.3 Short Blades
 + Level 11.2 Long Blades
 + Level 9.3 Axes
 + Level 9.3 Maces & Flails
 + Level 9.3 Polearms
 + Level 9.3 Staves
 + Level 9.3 Slings
 + Level 9.3 Bows
 + Level 9.3 Crossbows
 + Level 10.4 Throwing
 + Level 9.3 Armour
 + Level 11.2 Dodging
 + Level 9.3 Stealth
 + Level 9.3 Shields
 + Level 9.3 Unarmed Combat
 + Level 9.3 Spellcasting
 + Level 7.8 Conjurations
 + Level 7.8 Hexes
 + Level 7.8 Charms
 + Level 7.8 Summonings
 + Level 7.8 Necromancy
 + Level 7.8 Translocations
 + Level 7.8 Transmutations
 + Level 7.8 Fire Magic
 + Level 7.8 Ice Magic
 + Level 7.8 Air Magic
 + Level 7.8 Earth Magic
 + Level 7.8 Poison Magic
 + Level 10.2 Invocations
 + Level 9.3 Evocations


You had 31 spell levels left.
You didn't know any spells.
Your spell library contained the following spells:

 Spells                   Type           Power        Failure   Level  Hunger
 Animate Skeleton         Necr           N/A          1%          1    None
 Apportation              Tloc           ###...       1%          1    None
 Confusing Touch          Hex            ###...       1%          1    None
 Freeze                   Ice            ###.         1%          1    None
 Summon Small Mammal      Summ           ###.         1%          1    None
 Blink                    Tloc           N/A          1%          2    None
 Poisonous Vapours        Pois/Air       ###...       1%          2    None
 Shroud of Golubria       Chrm/Tloc      ###.......   1%          2    None
 Throw Frost              Conj/Ice       ###...       1%          2    None
 Conjure Flame            Conj/Fire      ###.....     1%          3    ##.....
 Gell's Gravitas          Tloc           ###.......   1%          3    ##.....
 Lesser Beckoning         Tloc           ###.......   1%          3    ##.....
 Mephitic Cloud           Conj/Pois/Air  ###.....     1%          3    ##.....
 Ozocubu's Armour         Chrm/Ice       ###.....     1%          3    ##.....
 Teleport Other           Tloc           ###.....     1%          3    ##.....
 Passage of Golubria      Tloc           N/A          6%          4    ####...
 Summon Ice Beast         Ice/Summ       ###.....     6%          4    ####...
 Throw Icicle             Conj/Ice       ###.....     6%          4    ####...
 Freezing Cloud           Conj/Ice/Air   ###.......   65%         6    #######
 Ring of Flames           Chrm/Fire      ###.......   99%         7    #######


Dungeon Overview and Level Annotations

Branches:
Dungeon (12/15)            Temple (1/1) D:7            Lair (6/6) D:11
  Swamp (0/4) Lair:3       Spider (0/4) Lair:4        Slime (0/5) Lair:6
    Orc (0/2) D:9

Altars:
Ashenzari
Cheibriados
Dithmenos
Elyvilon
Fedhas
Gozag
Hepliaklqana
Kikubaaqudgha
Makhleb
Nemelex Xobeh
Okawaru
Qazlal
Ru
Sif Muna
Trog
Uskayaw
Vehumet
Wu Jian
Xom
Yredelemnul
Zin
The Shining One

Shops:
D:5 =   D:7 :   D:8 *=:(   D:10 :

Portals:
Hell: Lair:6

Annotations:
Lair:6 exclusion: 2 oklob plants


Innate Abilities, Weirdness & Mutations

Your experience applies equally to all skills.
You have very sharp teeth.
Your uncanny sense of smell can sniff out nearby items.


Message History

You slash the sun demon!
The sun demon is almost dead.
You block the sun demon's attack.
The red devil hits you from afar with a +0 trident!
* * * LOW HITPOINT WARNING * * *
You barely miss the sun demon.
The sun demon is almost dead.
The sun demon barely misses you.
The red devil hits you from afar with a +0 trident.
* * * LOW HITPOINT WARNING * * *
You hit the sun demon but do no damage.
The sun demon is almost dead.
The sun demon barely misses you.
You hit the sun demon but do no damage.
You bite the sun demon, but do no damage.
The sun demon is almost dead.
The red devil completely misses you. The sun demon hits you!
* * * LOW HITPOINT WARNING * * *
You are engulfed in flames!!
You die...

########### ≈≈≈≈§§≈≈≈≈
#############≈≈≈§§§≈≈§
#........#.....§§≈≈≈≈≈
#...8.8..#.........≈§≈
#..8.#...'....@34...§§
#...8.#..#..........§§
#..#.8...#........≈≈≈§
#...#.8).###############
#..8.8...'.............#
♣#........#...8....8†...#
♣♣'#########...........).#
♣.♣♣♣ ######''#######
....♣♣♣ ♣.....♣


You could see a sun demon and a red devil.

Vanquished Creatures
  Kirke (Lair:5)
  A dire elephant (Lair:6)
  Fannar (Lair:3)
  Harold (Lair:1)
  Erolcha (D:10)
  5 hydras
  A catoblepas (Lair:6)
  Erica (D:11)
  A death yak (Lair:3)
  A centaur warrior (D:12)
  A two-headed ogre (D:11)
  Nergalle (D:11)
  A wizard (Lair:6)
  An ugly thing (D:11)
  A cyclops (D:12)
  A wolf spider (Lair:4)
  15 elephants
  5 black mambas
  A smoke demon (Lair:6)
  A torpor snail (Lair:6)
  A gargoyle (D:10)
  3 orange demons (Lair:6)
  12 spiny frogs
  3 rime drakes
  An ice devil (Lair:6)
  7 komodo dragons
  3 jumping spiders (Lair:4)
  A red devil (Lair:6)
  2 hornets
  2 trolls (D:12)
  9 dream sheep (Lair:6)
  20 blink frogs
  2 bog bodies (Lair:3)
  2 polar bears (Lair:4)
  Prince Ribbit (D:9)
  9 hippogriffs
  2 spriggans
  34 yaks
  A redback (Lair:4)
  A hog (Lair:5)
  2 wyverns
  3 basilisks
  Eustachio (D:4)
  A hungry ghost (D:7)
  Edmund (D:6)
  A soldier ant (D:10)
  3 hell hounds (Lair:6)
  9 porcupines
  11 water moccasins
  2 sky beasts
  A black bear (D:6)
  4 ice beasts
  5 orc warriors
  5 phantoms
  An eye of draining (D:9)
  20 wolves
  6 ogres
  7 centaurs
  11 crocodiles
  A big kobold (D:10)
  11 bullfrogs
  6 scorpions
  13 wights
  9 killer bees
  5 electric eels (Lair:3)
  4 crimson imps
  2 centaur zombies
  A quasit (D:8)
  2 hounds
  3 jellies
  3 centaur skeletons
  6 orc priests
  A bullfrog skeleton (D:2)
  A bullfrog zombie (D:6)
  11 orc wizards
  2 gnoll shamans (D:9)
  5 iguanas
  6 worker ants
  Ijyb (D:3)
  2 hound skeletons
  7 adders
  8 gnolls (D:9)
  2 shadow imps
  An ooze (D:4)
  An adder skeleton (D:6)
  3 worms
  2 dart slugs
  8 leopard geckos
  44 orcs
  12 giant cockroaches
  6 goblins
  7 hobgoblins
  7 jackals
  3 quokkas
  3 ball pythons
  5 bats
  2 frilled lizards (D:3)
  10 kobolds
  2 leopard gecko skeletons
  4 quokka skeletons
  8 rats
  A fungus (Lair:6)
  A plant (Lair:5)
494 creatures vanquished.

Vanquished Creatures (collateral kills)
  Snorg (D:11)
1 creature vanquished.

Vanquished Creatures (others)
  A worker ant (D:11)
  A bush (Lair:1)
  12 fungi (Lair:6)
  10 plants
24 creatures vanquished.

Grand Total: 519 creatures vanquished

Notes
Turn   | Place    | Note
-------+----------+-------------------------------------------
     0 | D:1      | Faca the Gnoll Gladiator began the quest for the Orb.
     0 | D:1      | Reached XP level 1. HP: 20/20 MP: 1/1
   279 | D:1      | Reached XP level 2. HP: 26/26 MP: 2/2
   989 | D:2      | Reached skill level 1 in Invocations
   989 | D:2      | Reached XP level 3. HP: 27/31 MP: 2/4
  1003 | D:2      | Reached skill level 1 in Short Blades
  1003 | D:2      | Reached skill level 1 in Axes
  1003 | D:2      | Reached skill level 1 in Maces & Flails
  1003 | D:2      | Reached skill level 1 in Polearms
  1003 | D:2      | Reached skill level 1 in Staves
  1003 | D:2      | Reached skill level 1 in Slings
  1003 | D:2      | Reached skill level 1 in Bows
  1003 | D:2      | Reached skill level 1 in Crossbows
  1003 | D:2      | Reached skill level 1 in Armour
  1003 | D:2      | Reached skill level 1 in Stealth
  1003 | D:2      | Reached skill level 1 in Shields
  1003 | D:2      | Reached skill level 1 in Unarmed Combat
  1003 | D:2      | Reached skill level 1 in Spellcasting
  1003 | D:2      | Reached skill level 1 in Evocations
  1003 | D:2      | Reached XP level 4. HP: 27/38 MP: 3/5
  1288 | D:2      | Reached skill level 1 in Conjurations
  1288 | D:2      | Reached skill level 1 in Hexes
  1288 | D:2      | Reached skill level 1 in Charms
  1288 | D:2      | Reached skill level 1 in Summonings
  1288 | D:2      | Reached skill level 1 in Necromancy
  1288 | D:2      | Reached skill level 1 in Translocations
  1288 | D:2      | Reached skill level 1 in Transmutations
  1288 | D:2      | Reached skill level 1 in Fire Magic
  1288 | D:2      | Reached skill level 1 in Ice Magic
  1288 | D:2      | Reached skill level 1 in Air Magic
  1288 | D:2      | Reached skill level 1 in Earth Magic
  1288 | D:2      | Reached skill level 1 in Poison Magic
  1656 | D:2      | Reached XP level 5. HP: 33/43 MP: 5/7
  2170 | D:3      | Noticed Ijyb
  2183 | D:3      | Killed Ijyb
  2857 | D:4      | Reached XP level 6. HP: 50/50 MP: 8/8
  3121 | D:4      | Noticed Eustachio
  3133 | D:4      | Killed Eustachio
  3133 | D:4      | Reached skill level 5 in Fighting
  3133 | D:4      | Reached skill level 5 in Throwing
  3291 | D:4      | Reached XP level 7. HP: 56/56 MP: 10/10
  3893 | D:5      | Entered Level 5 of the Dungeon
  3998 | D:5      | Found a stormy altar of Qazlal.
  4105 | D:5      | Found Leyd's Jewellery Shoppe.
  4109 | D:5      | Bought a cursed ring of attention for 63 gold pieces
  4448 | D:6      | Reached XP level 8. HP: 63/63 MP: 12/12
  5240 | D:6      | Found a shattered altar of Ashenzari.
  5256 | D:6      | Noticed Edmund
  5280 | D:6      | Killed Edmund
  5642 | D:6      | Reached XP level 9. HP: 38/69 MP: 14/14
  6158 | D:7      | Found Duwut's Book Shoppe.
  6358 | D:7      | Found a staircase to the Ecumenical Temple.
  6388 | Temple   | Entered the Ecumenical Temple
  6468 | Temple   | Became a worshipper of Makhleb the Destroyer
  7136 | D:8      | Found Tumaqim's Book Shoppe.
  7199 | D:8      | Found Nupnet Eqec's Antique Weapon Boutique.
  7228 | D:8      | Reached skill level 5 in Invocations
  7570 | D:8      | Found Xomiagaf's General Store.
  7613 | D:8      | Found an ornate altar of the Wu Jian Council.
  7614 | D:8      | Found an ancient bone altar of Kikubaaqudgha.
  7614 | D:8      | Found a white marble altar of Elyvilon.
  7614 | D:8      | Found a sparkling altar of Nemelex Xobeh.
  7614 | D:8      | Found a glowing silver altar of Zin.
  7615 | D:8      | Found an iron altar of Okawaru.
  7649 | D:8      | Found a glowing golden altar of the Shining One.
  7655 | D:8      | Reached XP level 10. HP: 77/77 MP: 15/17
  7690 | D:8      | Found Plog's Jewellery Shoppe.
  7693 | D:8      | Bought a cursed amulet of inaccuracy for 30 gold pieces
  7826 | D:8      | Reached * piety under Makhleb
  7949 | D:9      | Found a staircase to the Orcish Mines.
  8145 | D:9      | Reached skill level 5 in Short Blades
  8145 | D:9      | Reached skill level 5 in Axes
  8145 | D:9      | Reached skill level 5 in Maces & Flails
  8145 | D:9      | Reached skill level 5 in Polearms
  8145 | D:9      | Reached skill level 5 in Staves
  8145 | D:9      | Reached skill level 5 in Slings
  8145 | D:9      | Reached skill level 5 in Bows
  8145 | D:9      | Reached skill level 5 in Crossbows
  8145 | D:9      | Reached skill level 5 in Armour
  8145 | D:9      | Reached skill level 5 in Stealth
  8145 | D:9      | Reached skill level 5 in Shields
  8145 | D:9      | Reached skill level 5 in Unarmed Combat
  8145 | D:9      | Reached skill level 5 in Spellcasting
  8145 | D:9      | Reached skill level 5 in Evocations
  8339 | D:9      | Noticed a two-headed ogre
  9098 | D:9      | Noticed Prince Ribbit
  9105 | D:9      | Killed Prince Ribbit
  9110 | D:9      | Found a hide-covered altar of Uskayaw.
  9117 | D:9      | Reached ** piety under Makhleb
  9450 | D:10     | Entered Level 10 of the Dungeon
  9618 | D:10     | Found Gefogg's Book Shop.
  9636 | D:10     | Reached *** piety under Makhleb
 10003 | D:10     | Noticed Erolcha
 10010 | D:10     | Killed Erolcha
 10010 | D:10     | Reached XP level 11. HP: 84/84 MP: 19/19
 10633 | D:11     | Noticed a two-headed ogre
 10637 | D:11     | Killed a two-headed ogre
 10637 | D:11     | Reached skill level 5 in Conjurations
 10637 | D:11     | Reached skill level 5 in Hexes
 10637 | D:11     | Reached skill level 5 in Charms
 10637 | D:11     | Reached skill level 5 in Summonings
 10637 | D:11     | Reached skill level 5 in Necromancy
 10637 | D:11     | Reached skill level 5 in Translocations
 10637 | D:11     | Reached skill level 5 in Transmutations
 10637 | D:11     | Reached skill level 5 in Fire Magic
 10637 | D:11     | Reached skill level 5 in Ice Magic
 10637 | D:11     | Reached skill level 5 in Air Magic
 10637 | D:11     | Reached skill level 5 in Earth Magic
 10637 | D:11     | Reached skill level 5 in Poison Magic
 10689 | D:11     | Noticed Snorg
 10711 | D:11     | Killed Snorg
 11120 | D:11     | Noticed Erica
 11344 | D:11     | Killed Erica
 11420 | D:11     | Found a staircase to the Lair.
 11614 | D:11     | Got an encrusted hunting sling
 11617 | D:11     | Identified the cursed +1 hunting sling of the Mushroom
                  | {velocity, rN+ Str+7 Dex+4} (You found it on level 11 of
                  | the Dungeon)
 11666 | D:11     | Got a pair of scorched gloves
 11677 | D:11     | Identified the cursed +0 pair of gloves of Qoqos {rElec}
                  | (You found it on level 11 of the Dungeon)
 11775 | D:11     | Noticed a white ugly thing
 11787 | D:11     | Killed a white ugly thing
 11881 | D:11     | Noticed Nergalle
 11898 | D:11     | Killed Nergalle
 12217 | D:12     | Noticed a storm dragon
 12222 | D:12     | Noticed an eight-headed hydra
 12223 | D:12     | Noticed a purple ugly thing
 12225 | D:12     | Noticed a manticore
 12225 | D:12     | Noticed an ettin
 12226 | D:12     | Noticed a queen ant
 12226 | D:12     | an ettin changed into a queen ant
 12226 | D:12     | Noticed a frost giant
 12228 | D:12     | Noticed an orb spider
 12228 | D:12     | a jumping spider changed into an orb spider
 12229 | D:12     | Noticed a two-headed ogre
 12230 | D:12     | an orb spider changed into a blink frog
 12231 | D:12     | Noticed an entropy weaver
 12232 | D:12     | Noticed a queen ant
 12232 | D:12     | an entropy weaver changed into a queen ant
 12236 | D:12     | Noticed a centaur warrior
 12240 | D:12     | Noticed an entropy weaver
 12240 | D:12     | a queen ant changed into an entropy weaver
 12248 | D:12     | Noticed an emperor scorpion
 12299 | D:12     | Noticed a cyclops
 12308 | D:12     | Killed a cyclops
 12413 | D:12     | Paralysed by a hornet for 3 turns
 12478 | D:12     | Noticed a shining eye
 12481 | D:12     | Noticed a glowing orange brain
 12481 | D:12     | a shining eye changed into a glowing orange brain
 12539 | D:12     | Killed a centaur warrior
 12539 | D:12     | Reached XP level 12. HP: 87/93 MP: 20/22
 12645 | Lair:1   | Entered Level 1 of the Lair of Beasts
 12682 | Lair:1   | Reached **** piety under Makhleb
 12861 | Lair:1   | Noticed Harold
 12882 | Lair:1   | Killed Harold
 14131 | Lair:2   | Reached skill level 10 in Long Blades
 14131 | Lair:2   | Reached skill level 10 in Dodging
 14332 | Lair:2   | Noticed a seven-headed hydra
 14344 | Lair:2   | Killed a two-headed hydra
 14707 | Lair:3   | Reached XP level 13. HP: 101/101 MP: 24/24
 14746 | Lair:3   | Reached ***** piety under Makhleb
 14965 | Lair:3   | Found a staircase to the Swamp.
 15033 | Lair:3   | Noticed Fannar
 15060 | Lair:3   | Killed Fannar
 15753 | Lair:4   | Identified the +7 scimitar "Taompau" {elec, MR+} (You found
                  | it on level 4 of the Lair of Beasts)
 16222 | Lair:4   | Got a jewelled chain mail
 16607 | Lair:4   | Found a hole to the Spider Nest.
 16952 | Lair:6   | Entered Level 6 of the Lair of Beasts
 17219 | Lair:5   | Noticed Kirke
 17453 | Lair:6   | Reached XP level 14. HP: 91/109 MP: 26/26
 17535 | Lair:6   | Reached ****** piety under Makhleb
 17592 | Lair:5   | Killed Kirke
 17592 | Lair:5   | Reached skill level 10 in Fighting
 17592 | Lair:5   | Reached skill level 10 in Throwing
 18084 | Lair:6   | HP: 5/110 [one-headed hydra (10)]
 18502 | Lair:6   | Noticed a dire elephant
 18570 | Lair:6   | Reached skill level 10 in Invocations
 18731 | Lair:6   | Found a staircase to the Slime Pits.
 19219 | Lair:6   | Killed a dire elephant
 19417 | Lair:6   | Found a burning altar of Makhleb.
 19547 | Lair:6   | Found a gateway to Hell.
 19561 | Lair:6   | Mangled by a sun demon

Skill      XL: |  1  2  3  4  5  6  7  8  9 10 11 12 13 14 |
---------------+-------------------------------------------+-----
Invocations    | 1 2 3 4 5 6 7 8 9 10 | 10.2
Short Blades   | 1 2 3 4 5 6 7 8 9 |  9.3
Axes           | 1 2 3 4 5 6 7 8 9 |  9.3
Maces & Flails | 1 2 3 4 5 6 7 8 9 |  9.3
Polearms       | 1 2 3 4 5 6 7 8 9 |  9.3
Staves         | 1 2 3 4 5 6 7 8 9 |  9.3
Slings         | 1 2 3 4 5 6 7 8 9 |  9.3
Bows           | 1 2 3 4 5 6 7 8 9 |  9.3
Crossbows      | 1 2 3 4 5 6 7 8 9 |  9.3
Armour         | 1 2 3 4 5 6 7 8 9 |  9.3
Stealth        | 1 2 3 4 5 6 7 8 9 |  9.3
Shields        | 1 2 3 4 5 6 7 8 9 |  9.3
Unarmed Combat | 1 2 3 4 5 6 7 8 9 |  9.3
Spellcasting   | 1 2 3 4 5 6 7 8 9 |  9.3
Evocations     | 1 2 3 4 5 6 7 8 9 |  9.3
Conjurations   | 1 2 3 4 5 6 7 |  7.8
Hexes          | 1 2 3 4 5 6 7 |  7.8
Charms         | 1 2 3 4 5 6 7 |  7.8
Summonings     | 1 2 3 4 5 6 7 |  7.8
Necromancy     | 1 2 3 4 5 6 7 |  7.8
Translocations | 1 2 3 4 5 6 7 |  7.8
Transmutations | 1 2 3 4 5 6 7 |  7.8
Fire Magic     | 1 2 3 4 5 6 7 |  7.8
Ice Magic      | 1 2 3 4 5 6 7 |  7.8
Air Magic      | 1 2 3 4 5 6 7 |  7.8
Earth Magic    | 1 2 3 4 5 6 7 |  7.8
Poison Magic   | 1 2 3 4 5 6 7 |  7.8
Fighting       | 5 6 7 8 9 10 | 10.4
Throwing       | 5 6 7 8 9 10 | 10.4
Long Blades    | 7 8 9 10 11 | 11.2
Dodging        | 7 8 9 10 11 | 11.2

Action                   |  1- 3 |  4- 6 |  7- 9 | 10-12 | 13-15 || total
-------------------------+-------+-------+-------+-------+-------++-------
Melee: Long sword        |    42 |   181 |   368 |   397 |       ||   988
       Bite              |     6 |    25 |    60 |   160 |   141 ||   392
       Punch             |       |     1 |       |       |       ||     1
       Scimitar          |       |       |       |   335 |   592 ||   927
Throw: Stone             |       |     6 |       |       |       ||     6
       Throwing net      |       |       |       |     1 |       ||     1
Invok: Lesser Servant of |       |       |       |     1 |       ||     1
  Use: Scroll            |       |       |    18 |    10 |     5 ||    33
       Potion            |       |       |       |     1 |       ||     1
 Stab: Sleeping          |       |     2 |    11 |    23 |    10 ||    46
       Distracted        |       |       |     1 |     3 |     1 ||     5
  Eat: Chunk             |       |     8 |     9 |    15 |    12 ||    44
       Ration            |       |       |     2 |     3 |     1 ||     6
Armor: Ring mail         |    13 |    48 |       |       |       ||    61
       Leather armour    |       |     1 |    90 |   122 |   123 ||   336
Dodge: Dodged            |    45 |   136 |   248 |   503 |   558 ||  1490
Block: Buckler           |       |       |    72 |   214 |   227 ||   513
       Rpst.: Long sword |    12 |    40 |    79 |    76 |       ||   207
       Scimitar          |       |       |       |    69 |   132 ||   201
